 Dungeon Sprint DCSS version 0.23.2-30-g0e89c35649 (webtiles) character file.

Game seed: 2547351579359024663

88 HASTUR3 the Conjurer (level 4, 0/24 HPs)
             Began as a Tengu Air Elementalist on June 19, 2019.
             Was a Follower of Kikubaaqudgha.
             Slain by a hippogriff (10 damage)
             ... in the Dungeon (Sprint IX: "|||||||||||||||||||||||||||||").
             The game lasted 00:04:05 (321 turns).

HASTUR3 the Conjurer (Tengu Air Elementalist)        Turns: 321, Time: 00:04:05

Health: 0/24       AC:  5    Str:  9    XL:     4   Next: 53%
Magic:  0/8        EV: 17    Int: 16    God:    Kikubaaqudgha [*.....]
Gold:   0          SH:  0    Dex: 14    Spells: 6/7 levels left

rFire    . . .     SeeInvis .   q - +2 rapier (distort)
rCold    . . .     Gourm    .   (no shield)
rNeg     . . .     Faith    .   a - +0 robe
rPois    .         Spirit   .   (helmet restricted)
rElec    .         Reflect  .   r - +0 cloak
rCorr    .         Harm     .   (no gloves)
MR       .....     NoTele   +   (boots unavailable)
Stlth    ++........             (no amulet)
HPRegen  0.08/turn              n - +2 ring of protection
MPRegen  0.11/turn              o - +2 ring of evasion

@: no status effects
A: beak, talons 3
a: Receive Corpses, Renounce Religion


You were in the Dungeon.
You worshipped Kikubaaqudgha.
Kikubaaqudgha was aware of your devotion.
You were not hungry.

You visited 1 branch

Inventory:

Hand Weapons
 b - a +2 morningstar of protection
 q - a +2 rapier of distortion (weapon)
Armour
 a - a +0 robe (worn)
 r - a +0 cloak (worn)
Magical Staves
 p - an uncursed staff of energy
Jewellery
 n - a +2 ring of protection (left hand)
 o - a +2 ring of evasion (right hand)
Wands
 m - a wand of acid (10)
Scrolls
 i - 2 scrolls of blinking
 k - 3 scrolls of remove curse
 l - 2 scrolls of amnesia
Potions
 d - 5 potions of curing
 e - 3 potions of heal wounds
 f - a potion of haste
 g - 3 potions of magic
 h - a potion of berserk rage
 j - a potion of invisibility
Comestibles
 c - a ration


   Skills:
 + Level 5.5 Dodging
 - Level 2.0 Stealth
 - Level 2.0 Spellcasting
 - Level 5.8 Conjurations
 + Level 4.9 Necromancy
 - Level 5.4 Air Magic


You had 6 spell levels left.
You knew the following spells:

 Your Spells              Type           Power        Failure   Level  Hunger
a - Shock                 Conj/Air       ###.         1%          1    #......

Your spell library contained the following spells:

 Spells                   Type           Power        Failure   Level  Hunger
 Static Discharge         Conj/Air       ###.....     6%          3    ###....
 Swiftness                Chrm/Air       ##......     11%         2    ###....
 Airstrike                Air            ###.......   22%         4    #####..
 Lightning Bolt           Conj/Air       ###.......   50%         5    ######.


Dungeon Overview and Level Annotations

Branches:
Dungeon (1/1)

Altars:
Cheibriados
Dithmenos
Elyvilon
Fedhas
Gozag
Hepliaklqana
Kikubaaqudgha
Makhleb
Nemelex Xobeh
Okawaru
Qazlal
Ru
Sif Muna
Trog
Uskayaw
Vehumet
Wu Jian
Xom
Yredelemnul
Zin
The Shining One
Beogh
Jiyva
Lugonu


Innate Abilities, Weirdness & Mutations

You have a beak for a mouth.
You have claws for feet.


Message History

The hippogriff is severely wounded.
The zap hits the soldier ant.
The soldier ant is moderately wounded.
The crimson imp hits you.
Casting: Shock (safe; 1% risk of failure)
Confirm with . or Enter, or press ? or * to list all spells.
Aiming: Shock (safe; 1% risk of failure)
Press: ? - help, Shift-Dir - straight line The zap hits the hippogriff.
The hippogriff is severely wounded.
The zap hits the soldier ant.
The soldier ant is heavily wounded.
The hippogriff completely misses you. The hippogriff pecks you.
The hippogriff completely misses you. The crimson imp barely misses you.
You puncture the crimson imp!
Space bends around the crimson imp.
You claw the crimson imp, but do no damage.
The crimson imp is severely wounded.
The hippogriff bites you!
You die...
Kikubaaqudgha rasps: "You have failed me!
Welcome... death!"

▓.▓
▓.▓
▓.▓
▓)▓
▓.▓
▓[▓
▓[▓
▓5▓
▓@▓
▓H▓
▓a▓
▓.▓
▓†▓
▓.▓
▓.▓
▓.▓


You could see a hippogriff, a soldier ant and a crimson imp.

Vanquished Creatures
  A bullfrog (D)
  An adder (D)
  An orc (D)
  A bat zombie (D)
  A goblin (D)
  A hobgoblin (D)
  A jackal (D)
  A frilled lizard (D)
  A giant cockroach zombie (D)
  3 kobolds (D)
  A leopard gecko skeleton (D)
13 creatures vanquished.

Notes
Turn   | Place    | Note
-------+----------+-------------------------------------------
     0 | D        | HASTUR3 the Tengu Air Elementalist began the quest for the
                  | Orb.
     0 | D        | Reached XP level 1. HP: 10/10 MP: 4/4
    51 | D        | Reached XP level 2. HP: 15/15 MP: 3/6
    53 | D        | Reached skill level 5 in Conjurations
    54 | D        | Reached skill level 5 in Air Magic
   121 | D        | Found a roughly hewn altar of Beogh.
   121 | D        | Found a snail-covered altar of Cheibriados.
   121 | D        | Found a shadowy altar of Dithmenos.
   121 | D        | Found a white marble altar of Elyvilon.
   121 | D        | Found a blossoming altar of Fedhas.
   121 | D        | Found an opulent altar of Gozag.
   122 | D        | Found a hazy altar of Hepliaklqana.
   123 | D        | Found a viscous altar of Jiyva.
   124 | D        | Found an ancient bone altar of Kikubaaqudgha.
   125 | D        | Found a corrupted altar of Lugonu.
   126 | D        | Found a burning altar of Makhleb.
   127 | D        | Found a sparkling altar of Nemelex Xobeh.
   128 | D        | Found an iron altar of Okawaru.
   129 | D        | Found a stormy altar of Qazlal.
   130 | D        | Found a sacrificial altar of Ru.
   131 | D        | Found a deep blue altar of Sif Muna.
   132 | D        | Found a bloodstained altar of Trog.
   133 | D        | Found a hide-covered altar of Uskayaw.
   134 | D        | Found a radiant altar of Vehumet.
   135 | D        | Found an ornate altar of the Wu Jian Council.
   136 | D        | Found a shimmering altar of Xom.
   137 | D        | Found a basalt altar of Yredelemnul.
   138 | D        | Found a glowing silver altar of Zin.
   139 | D        | Found a glowing golden altar of the Shining One.
   269 | D        | Became a worshipper of Kikubaaqudgha
   307 | D        | Noticed a crimson imp
   307 | D        | Noticed a bullfrog
   307 | D        | Noticed a hippogriff
   307 | D        | Noticed a soldier ant
   319 | D        | Killed a bullfrog
   319 | D        | Reached * piety under Kikubaaqudgha
   319 | D        | Identified Kikubaaqudgha's Almanac of Black Arts
                  | (Kikubaaqudgha gifted it to you in the Dungeon)
   319 | D        | Received a gift from Kikubaaqudgha
   319 | D        | Reached skill level 5 in Dodging
   319 | D        | Reached XP level 3. HP: 14/19 MP: 1/7
   319 | D        | Reached XP level 4. HP: 17/24 MP: 1/8
   321 | D        | Slain by a hippogriff

Skill      XL: |  1  2 |
---------------+-------+-----
Conjurations   | 4 5 |  5.8
Air Magic      | 5 |  5.4
Dodging        | 5 |  5.5
Necromancy     | 4 |  4.9
Stealth        | |  2.0
Spellcasting   | |  2.0

Action                   |  1- 3 |  4- 6 || total
-------------------------+-------+-------++-------
Melee: Unarmed           |     2 |       ||     2
       Peck              |     2 |       ||     2
       Rapier            |       |     1 ||     1
       Kick              |       |     1 ||     1
 Cast: Shock             |    19 |     2 ||    21
  Use: Potion            |     1 |       ||     1
Armor: Robe              |     2 |       ||     2
Dodge: Dodged            |    19 |     3 ||    22
